Kheg, lawful male dwarven Caveman ---------....-... -------- ------- #..+..|.....+....+ . ..|(.| |...... #........|.......| .|.... |.....| ###..-...|-.-.-.....--.|.-+----- |##########......| ## |...............................|# |...<.| #### |.-|-----+--.......-|--.-- -- |# -----|- ## |.|..|..| |......{|....| # #### |.|..|..| |.......|..o.| # ------ ## |.----|-----.......|oio@| # |......##########|.............{....|..h.| # |.>. # #|.-------+-------.------- ## | #|.|.?![| |(((.|.| # #|.-.%!*| |(((.-.+ # #|.|.%??| |(((.|.| # . #|.---------------.----------- |# - #|...............................|# #---------------------------------# #################################### Kheg the Aborigine Experience level: 3 Strength: 21 Dexterity: 12 Constitution: 15 Intelligence: 9 Wisdom: 9 Charisma: 9 Health: 0(51) Energy: 13(13) Def: 2 Gold: 413 Moves: 1403 Dungeon seed: nAKcQ3XdYqctdB44 Game ID: Kheg_1560675612 Your Inventory: Coins $ - 413 gold pieces Weapons a - an uncursed +1 club (weapon in hand) b - an uncursed +2 sling (alternate weapon; not wielded) c - an uncursed +2 boomerang Armor q - an uncursed +0 leather armor (being worn) w - an uncursed +0 orcish helm Comestibles s - 2 uncursed food rations Scrolls o - an uncursed scroll of magic mapping t - a cursed scroll of charging Potions f - an uncursed potion of polymorph g - a blessed potion of fruit juice i - an uncursed potion of blindness u - a blessed potion of gain ability Wands h - an uncursed wand of nothing (0:6) Tools j - an uncursed horn of plenty (0:0) l - an uncursed lock pick m - an uncursed blindfold Gems e - 14 uncursed flint stones (in quiver) n - 25 uncursed rocks r - an uncursed worthless piece of white glass v - an uncursed garnet stone y - an uncursed worthless piece of orange glass z - an uncursed jasper stone N - an uncursed worthless piece of green glass Y - an uncursed amethyst stone Spells and supernatural/magical abilities: Name Level Category Cost Memory W - pray for help -- divine ? -- Your skills at the end: Fighting Skills bare handed combat [Basic] Weapon Skills club [Basic] sling [Basic] Spellcasting Skills Final Attributes: You were piously aligned. You had infravision. You were lucky. Anu was noncommittal. You are dead. Vanquished creatures: a red naga hatchling a little dog 2 giant bats a hobgoblin a gecko 3 jackals a fox 2 grid bugs 2 lichens 2 newts 16 creatures vanquished. Voluntary challenges: You used a wielded weapon 23 times, starting on turn 211. You were illiterate. You never genocided any monsters. You never polymorphed an object. You never changed form. You used no wishes. You never split a pudding. You never wrote Elbereth's name. You never violated your personal moral code. Dungeon overview: The Dungeons of Doom: levels 1 to 3 Level 1 a long staircase Level 2 a sink stairs to The Gnomish Mines Level 3 The Gnomish Mines: levels 3 to 5 Level 3 stairs to The Dungeons of Doom Level 4 Level 5 <- You were here some shops, a temple to Ishtar, some fountains History has recorded: On T:1 you entered the Dungeons of Doom to retrieve the Amulet of Yendor! On T:241 you reached level 2 of The Dungeons of Doom. On T:317 you reached level 3 of The Dungeons of Doom. On T:422 you reached level 1 of The Gnomish Mines. On T:724 you reached level 2 of The Gnomish Mines. On T:756 you advanced to experience level 2. On T:1009 you advanced to experience level 3. On T:1041 you reached level 3 of The Gnomish Mines. Score breakdown: Gold: 413 ( 8902 points) Experience: 3 levels ( 7878 points) Exploration: 5 levels ( 10.20%) ( 8660 points) Discoveries: 2 items ( 0.67%) ( 2457 points) Valuables value: (no points given unless you survive) Artifact value: 0 ( 0 points) Variety of kills: 10 monsters ( 2.63%) ( 4866 points) Turncount: 1403 turns ( 0 points) Survival: died (score multiplied by 80%) Total score: 26210 Latest messages: You miss the imp. The imp hits! You miss the imp. The imp hits! (2x) [2 turns] You miss the imp. The imp hits! The hill orc wields a curved sword! An uncursed studded leather armor lands on the altar. Your movements are now unencumbered. The imp hits! The hill orc swings his curved sword at you. The hill orc hits! That command is only available in debug mode. You hit the imp! The imp hits! The hill orc picks up an uncursed studded leather armor from the floor. The imp hits! The hill orc hits! You die... Final status: Goodbye Kheg the Caveman, killed by a hill orc... You died in The Gnomish Mines on dungeon level 5 with 26210 points, and 413 pieces of gold, after 1403 moves. You were level 3 with a maximum of 51 hit points when you died.